 Dungeon Crawl Stone Soup version 0.24.0-123-gd5b16e6ec5 (webtiles) character file.

Game seed: 8091290810942262434, levelgen mode: deterministic

126 Norian the Conjurer (level 4, -1/24 HPs)
             Began as a Deep Elf Conjurer on Dec 20, 2019.
             Slain by an orc (3 damage)
             ... on level 3 of the Dungeon.
             The game lasted 00:03:34 (2423 turns).

Norian the Conjurer (Deep Elf Conjurer)             Turns: 2423, Time: 00:03:35

Health: -1/24      AC:  3    Str:  6    XL:     4   Next: 83%
Magic:  0/13       EV: 13    Int: 20    God:
Gold:   151        SH:  0    Dex: 15    Spells: 4/13 levels left

rFire    . . .     SeeInvis .   n - +0 dagger (vamp)
rCold    . . .     Gourm    .   (no shield)
rNeg     . . .     Faith    .   a - +0 robe
rPois    .         Spirit   .   l - +0 helmet
rElec    .         Reflect  .   (no cloak)
rCorr    .         Harm     .   (no gloves)
MR       .....                  (no boots)
Stlth    ++........             (no amulet)
HPRegen  0.08/turn              (no ring)
MPRegen  0.13/turn              (no ring)

@: very slightly contaminated
A: no striking features
a: no special abilities


You were on level 3 of the Dungeon.
You were hungry.

You visited 1 branch of the dungeon, and saw 4 of its levels.

You collected 151 gold pieces.

Inventory:

Hand Weapons
 n - a +0 vampiric dagger (weapon)
Armour
 a - a +0 robe (worn)
 g - a +2 buckler
 l - a +0 helmet (worn)
Scrolls
 b - 2 scrolls of teleportation {unknown}
 d - a scroll of amnesia {unknown}
 f - a scroll of remove curse {unknown}
 h - a scroll of random uselessness {unknown}
 i - a scroll of identify {unknown}
Potions
 e - a potion of berserk rage {unknown}
 k - 2 potions of curing {unknown}
 m - a potion of heal wounds {unknown}
Comestibles
 c - 5 rations


   Skills:
 - Level 2.4 Dodging
 - Level 2.4 Stealth
 + Level 5.0 Spellcasting
 + Level 5.6 Conjurations
 + Level 1.7 Hexes


You had 4 spell levels left.
You knew the following spells:

 Your Spells              Type           Power        Failure   Level  Hunger
a - Magic Dart            Conj           ####         1%          1    None
b - Iskenderun's Mystic   Conj           ####....     12%         4    ####...
c - Fulminant Prism       Conj/Hex       ###.......   26%         4    ####...

Your spell library contained the following spells:

 Spells                   Type           Power        Failure   Level  Hunger
 Searing Ray              Conj           ####..       1%          2    None
 Dazzling Spray           Conj/Hex       ###...       8%          3    ##.....
 Force Lance              Conj/Tloc      ###.....     34%         4    ####...


Dungeon Overview and Level Annotations

Branches:
Dungeon (4/15)
 Temple: D:4-7

Altars:

Annotations:
D:3 Grinder


Message History

Confirm with . or Enter, or press ? or * to list all spells.
Aiming: Magic Dart (safe; 1% risk of failure)
Press: ? - help, Shift-Dir - straight line, f/p - orc
Aim: an orc, wearing a +0 scale mail of cold resistance The magic dart hits the orc.
The orc is lightly wounded.
The orc hits you.
* * * LOW HITPOINT WARNING * * *
You hit the orc but do no damage.
The orc is lightly wounded.
The orc wizard gestures wildly while chanting.
The orc wizard flickers and vanishes!
Deactivating autopickup; reactivate with Ctrl-A.
The orc hits you.
* * * LOW HITPOINT WARNING * * *
Casting: Magic Dart (safe; 1% risk of failure)
Confirm with . or Enter, or press ? or * to list all spells.
Okay, then.
You hit the orc but do no damage. The orc hits you.
You die...

#.#.....#########.# #.# #.#
####.#................ #.# #.#
..##.#.....##############.# #.#
..##.#.....# #.........# #.#
..##.#.###.# ########### #.#
..##.#.###.###################.#
..##.#.........................#
.....#.###.......###############
...........#####@# .....#.###.#
##o#### ..).5#.# #.# #.....#
)..†.#.###.# #.###.#
.†)).......# #. .# #.#..#.###..
.. o. #.#.>....... ... .#.
#.......##%####. ...# #.#####.#
#. .. #


You could see an orc.

Vanquished Creatures
  5 adders
  A shadow imp (D:3)
  A dart slug (D:1)
  A leopard gecko (D:1)
  7 orcs (D:3)
  2 giant cockroaches (D:2)
  7 goblins
  3 hobgoblins
  6 jackals (D:3)
  8 kobolds
  A quokka (D:2)
  A ball python (D:2)
  5 bats
  5 frilled lizards
  10 rats
63 creatures vanquished.

Vanquished Creatures (others)
  2 fulminant prisms (D:3)
2 creatures vanquished.

Grand Total: 65 creatures vanquished

Notes
Turn   | Place    | Note
-------+----------+-------------------------------------------
     0 | D:1      | Norian the Deep Elf Conjurer began the quest for the Orb.
     0 | D:1      | Reached XP level 1. HP: 10/10 MP: 6/6
   211 | D:1      | Reached XP level 2. HP: 15/15 MP: 4/8
   877 | D:2      | Reached skill level 5 in Conjurations
   877 | D:2      | Reached XP level 3. HP: 19/19 MP: 5/10
  1485 | D:2      | Reached XP level 4. HP: 20/24 MP: 9/12
  1685 | D:2      | Learned a level 4 spell: Iskenderun's Mystic Blast
  1690 | D:2      | Learned a level 4 spell: Fulminant Prism
  1952 | D:3      | Reached skill level 1 in Hexes
  2013 | D:3      | Reached skill level 5 in Spellcasting
  2170 | D:3      | Noticed Grinder
  2423 | D:3      | Slain by an orc

Levels and vault maps discovered:
D:1:      elethiomel_arrival_infinity_welcomes_careful_drivers, layout_basic
D:2:      layout_loops_ring
D:3:      layout_basic, first_ration, uniq_grinder
D:4:      layout_loops_ring, abandoned_shop, uniq_crazy_yiuf_cottage

Skill      XL: |  1  2  3  4 |
---------------+-------------+-----
Spellcasting   | 4 5 |  5.0
Conjurations   | 5 |  5.6
Hexes          | 1 |  1.7
Dodging        | |  2.4
Stealth        | |  2.4

Action                   |  1- 3 |  4- 6 || total
-------------------------+-------+-------++-------
Melee: Short sword       |     3 |       ||     3
       Dagger            |       |     3 ||     3
 Cast: Magic Dart        |    70 |    58 ||   128
       Fulminant Prism   |       |     2 ||     2
  Eat: Chunk             |     2 |     2 ||     4
Armor: Robe              |     1 |     1 ||     2
Dodge: Dodged            |    10 |     2 ||    12
